 Dungeon Crawl Stone Soup version 0.20-a0-947-g2784f4f (webtiles) character file.

116 Hybris the Firebug (level 4, -12/24 HPs)
             Began as a Deep Elf Fire Elementalist on Apr 3, 2017.
             Killed from afar by an orc (30 damage)
             ... with an exploding inner flame
             ... hexed by the player character
             ... on level 3 of the Dungeon.
             The game lasted 00:08:32 (2519 turns).

Hybris the Firebug (Deep Elf Fire Elementalist)     Turns: 2519, Time: 00:08:33

Health: -12/24     AC:  3    Str:  7    XL:     4   Next: 69%
Magic:  3/11       EV: 13    Int: 21    God:
Gold:   125        SH:  0    Dex: 15    Spells: 3/9 levels left

rFire    . . .     SeeInvis .   q - +2 dagger (protect)
rCold    . . .     Gourm    .   (no shield)
rNeg     . . .     Faith    .   a - +0 robe
rPois    +         Spirit   .   (no helmet)
rElec    .         Reflect  .   (no cloak)
rCorr    .         Harm     .   l - +0 pair of gloves
MR       .....                  (no boots)
Stlth    ++........             (no amulet)
Regen    0.1/turn               i - +2 ring of strength
MPRegen  0.2/turn               o - ring of poison resistance

@: no status effects
A: no striking features
a: no special abilities


You were on level 3 of the Dungeon.
You were not hungry.

You visited 1 branch of the dungeon, and saw 3 of its levels.

You collected 125 gold pieces.

Inventory:

Hand Weapons
 m - a +0 dagger of holy wrath
 q - a +2 dagger of protection (weapon)
Armour
 a - a +0 robe (worn)
 l - a +0 pair of gloves (worn)
Jewellery
 i - a +2 ring of strength (left hand)
 o - a ring of poison resistance (right hand)
 s - an uncursed ring of stealth {unknown}
 t - a cursed -2 ring of evasion {unknown}
Scrolls
 d - a scroll of remove curse {unknown}
 f - 3 scrolls of teleportation {unknown}
 g - a scroll of identify {unknown}
 r - a scroll of immolation {unknown}
Potions
 e - a potion of curing {unknown}
 h - a potion of flight {unknown}
 j - a potion of invisibility {unknown}
 k - a potion of heal wounds
 p - a potion of brilliance {unknown}
Books
 b - a book of Flames

   Spells                             Type                      Level
   a - Flame Tongue                   Conjuration/Fire             1
   b - Throw Flame                    Conjuration/Fire             2
   c - Conjure Flame                  Conjuration/Fire             3
   d - Inner Flame                    Hexes/Fire                   3
   e - Sticky Flame                   Conjuration/Fire             4
   f - Fireball                       Conjuration/Fire             5
Comestibles
 c - 4 bread rations


   Skills:
 - Level 2.4 Dodging
 - Level 2.4 Stealth
 + Level 3.3 Spellcasting
 + Level 2.5 Conjurations
 * Level 5.3 Fire Magic


You had 3 spell levels left.
You knew the following spells:

 Your Spells              Type           Power        Failure   Level  Hunger
a - Flame Tongue          Conj/Fire      ###..        2%          1    None
b - Throw Flame           Conj/Fire      ###...       4%          2    ##.....
c - Inner Flame           Hex/Fire       ##......     17%         3    ###....


Dungeon Overview and Level Annotations

Branches:
Dungeon (3/15)

Altars:
Ru
Trog


Message History

Aiming: Inner Flame
Press: ? - help, Shift-Dir - straight line, f/p - orc
Aim: an orc, wielding a short sword (severely wounded, chance to defeat MR: 82%)
The orc is filled with an inner flame.
The orc shouts!
The orc barely misses you.
Casting: Inner Flame
Confirm with . or Enter, or press ? or * to list all spells.
Okay, then.
Unknown command.
Casting: Inner Flame
Confirm with . or Enter, or press ? or * to list all spells.
Aiming: Flame Tongue
Press: ? - help, Shift-Dir - straight line, f/p - orc
Aim: an orc, wielding a short sword (severely wounded, inner flame)
The flame tongue hits the orc.
The orc explodes!
The fiery explosion engulfs you!
Ouch! That really hurt!
You die...

######.#
#......#
#.####.#
#.########
#.##.....#
#.##.#.###
#......#
####.########
#..@§§oo.#
########o# †#
o# .# o# .#
.#


You could see 3 orcs.

Vanquished Creatures
  An orc priest (D:3)
  3 adders (D:3)
  An ooze (D:2)
  3 worms (D:2)
  3 dart slugs
  An orc (D:3)
  5 goblins
  6 hobgoblins
  4 bats
  6 frilled lizards
  8 kobolds
  5 rats
46 creatures vanquished.

Notes
Turn   | Place    | Note
-------+----------+-------------------------------------------
     0 | D:1      | Hybris the Deep Elf Fire Elementalist began the quest for the Orb.
     0 | D:1      | Reached XP level 1. HP: 10/10 MP: 6/6
   240 | D:1      | Reached XP level 2. HP: 15/15 MP: 4/8
   376 | D:1      | Learned a level 2 spell: Throw Flame
   440 | D:1      | Reached skill level 4 in Fire Magic
   898 | D:2      | Reached XP level 3. HP: 19/19 MP: 6/9
  1145 | D:2      | Learned a level 3 spell: Inner Flame
  1146 | D:2      | Found a sacrificial altar of Ru.
  1148 | D:2      | Found a bloodstained altar of Trog.
  1937 | D:3      | Reached skill level 5 in Fire Magic
  1937 | D:3      | Reached XP level 4. HP: 24/24 MP: 3/10
  2519 | D:3      | Killed from afar by an orc

Vault maps used:
D:1:      tarquinn_simple_flora_water_a
D:2:      grunt_temple_overflow_open, first_bread
D:3:      grunt_ministairs_15

Skill      XL: |  1  2  3 |
---------------+----------+-----
Fire Magic     | 4 5 |  5.3
Conjurations   | 2 |  2.5
Dodging        | |  2.4
Stealth        | |  2.4
Spellcasting   | |  3.3

Action                   |  1- 3 |  4- 6 || total
-------------------------+-------+-------++-------
Melee: Unarmed           |     2 |       ||     2
       Dagger            |     2 |    19 ||    21
 Cast: Flame Tongue      |    41 |    18 ||    59
       Throw Flame       |    24 |     3 ||    27
       Inner Flame       |       |     2 ||     2
  Use: Potion            |       |     1 ||     1
 Stab: Sleeping          |     2 |       ||     2
  Eat: Chunk             |     3 |       ||     3
       Bread ration      |       |     1 ||     1
Armor: Robe              |     4 |     4 ||     8
Dodge: Dodged            |    25 |    24 ||    49
